 Dungeon Crawl Stone Soup version 0.20-a0-1122-gb7cbeb9 (webtiles) character file.

574 AlphabetPasta the Chopper (level 7, 0/60 HPs)
             Began as a Purple Draconian Gladiator on May 12, 2017.
             Slain by an ogre
             ... wielding a +0 giant club
              (22 damage)
             ... on level 5 of the Dungeon on May 13, 2017.
             The game lasted 00:13:03 (2969 turns).

AlphabetPasta the Chopper (DrGl)                    Turns: 2969, Time: 00:13:03

Health: 0/60       AC:  7    Str: 18    XL:     7   Next: 12%
Magic:  7/7        EV: 14    Int:  8    God:
Gold:   226        SH:  0    Dex: 13    Spells: 6/6 levels left

rFire    + . .     SeeInvis .   a - +1 war axe
rCold    . . .     Gourm    .   (no shield)
rNeg     . . .     Faith    .   (armour unavailable)
rPois    .         Spirit   .   b - +1 hat
rElec    .         Reflect  .   (no cloak)
rCorr    .         Harm     .   (no gloves)
MR       +....                  (no boots)
Stlth    +.........             (no amulet)
Regen    0.2/turn               o - ring of protection from fire
MPRegen  0.1/turn               (no ring)

@: no status effects
A: breathe power, unfitting armour, cold-blooded, AC +6
a: Breathe Dispelling Energy


You were on level 5 of the Dungeon.
You were not hungry.

You visited 1 branch of the dungeon, and saw 5 of its levels.

You collected 226 gold pieces.

Inventory:

Hand Weapons
 a - a +1 war axe (weapon)
Missiles
 c - 2 throwing nets (quivered)
 j - 60 bolts
Armour
 b - a +1 hat (worn)
Jewellery
 o - a ring of protection from fire (left hand)
Wands
 h - a wand of digging (5/24)
Scrolls
 e - 3 scrolls of remove curse
 l - a scroll of magic mapping
 m - a scroll of enchant armour
Potions
 g - a potion of berserk rage
 q - 3 potions of cancellation
Comestibles
 d - 4 bread rations
 f - 2 chunks of flesh
 n - 7 fruits


   Skills:
 + Level 4.7 Fighting
 * Level 6.1 Axes
 - Level 1.7 Throwing
 + Level 4.4 Dodging
 + Level 0.0 Evocations


You had 6 spell levels left.
You didn't know any spells.

Dungeon Overview and Level Annotations

Branches:
Dungeon (5/15)
 Temple: D:4-7

Altars:
Elyvilon
Kikubaaqudgha
Ru
Sif Muna
Vehumet
The Shining One


Innate Abilities, Weirdness & Mutations

You can breathe bolts of dispelling energy.
Your rich purple scales are hard. (AC +6)
You cannot fit into any form of body armour.
You are cold-blooded and may be slowed by cold attacks.


Message History

The ogre hits you with a giant club!
You barely miss the ogre.
The ogre is heavily wounded.
The ogre misses you.
You hit the ogre.
The ogre is heavily wounded.
The ogre hits you with a giant club.
You slash the ogre!
The ogre is severely wounded.
The ogre closely misses you.
You barely miss the ogre. You tail-slap the ogre.
The ogre is almost dead.
The ogre hits you with a giant club!
You barely miss the ogre.
The ogre is almost dead.
The ogre misses you.
You hit the ogre but do no damage.
The ogre is almost dead.
The ogre hits you with a giant club!!
You die...

####. ...# .#
###.######..#
#......<....#
#.#.######.##
#.# #.# #.#
#@#
........O..#
.######.#.##
..)... ##.
### .. .. ...


You could see an ogre.

Vanquished Creatures
  The ghost of Lookapuppie the Skirmisher, an amateur MiBe of Trog (D:4)
  Menkaure (D:4)
  A scorpion (D:4)
  A howler monkey (D:4)
  A hound (D:4)
  An orc wizard (D:3)
  2 worker ants
  2 adders
  A gnoll (D:1)
  4 worms
  4 dart slugs
  3 leopard geckos
  4 orcs
  5 bats
  9 giant cockroaches
  A goblin (D:2)
  8 hobgoblins
  5 jackals
  4 quokkas
  2 ball pythons (D:1)
  6 frilled lizards
  3 kobolds
  7 rats
76 creatures vanquished.

Notes
Turn   | Place    | Note
-------+----------+-------------------------------------------
     0 | D:1      | AlphabetPasta the Draconian Gladiator began the quest for the Orb.
     0 | D:1      | Reached XP level 1. HP: 17/17 MP: 1/1
    58 | D:1      | You fall through a shaft!
    95 | D:2      | Reached XP level 2. HP: 17/24 MP: 2/2
   300 | D:2      | Found a radiant altar of Vehumet.
   304 | D:2      | Found an ancient bone altar of Kikubaaqudgha.
   305 | D:2      | Found a deep blue altar of Sif Muna.
   308 | D:2      | Identified Sif Muna's Compendium of Talismans
   530 | D:1      | Reached XP level 3. HP: 22/30 MP: 3/3
   611 | D:1      | You fall through a shaft!
   670 | D:2      | Found a glowing golden altar of the Shining One.
  1324 | D:2      | Reached XP level 4. HP: 38/38 MP: 4/4
  1391 | D:3      | Found a white marble altar of Elyvilon.
  1397 | D:3      | Reached skill level 4 in Axes
  1454 | D:3      | Found a sacrificial altar of Ru.
  1882 | D:3      | Reached XP level 5. HP: 43/45 MP: 5/5
  2121 | D:4      | Noticed Lookapuppie's ghost (amateur MiBe)
  2192 | D:4      | Reached skill level 5 in Axes
  2204 | D:4      | Killed Lookapuppie's ghost
  2204 | D:4      | Reached XP level 6. HP: 11/53 MP: 6/6
  2733 | D:4      | Noticed Menkaure
  2738 | D:4      | Killed Menkaure
  2738 | D:4      | Reached skill level 6 in Axes
  2738 | D:4      | Your scales start taking on a rich purple colour.
  2738 | D:4      | Reached XP level 7. HP: 60/60 MP: 7/7
  2950 | D:5      | Entered Level 5 of the Dungeon
  2969 | D:5      | Slain by an ogre

Vault maps used:
D:1:      scummos_arrival_simple_fountains, minmay_octomino_e4
D:2:      grunt_temple_overflow_magic_moments, nicolae_overflow_crystal_walls
D:3:      cheibrodos_helix_gallery, nicolae_overflow_hidden_temple,
          elyvilon_altar_5, first_bread, nicolae_ru_awakened_eye
D:4:      uniq_menkaure
D:5:      grunt_temple_overflow_bloody_war, temple_green, serial_shops,
          kennysheep_mini, grunt_dithmenos_shadows

Skill      XL: |  1  2  3  4  5  6 |
---------------+-------------------+-----
Dodging        | 3 4 |  4.4
Fighting       | 3 4 |  4.7
Axes           | 4 5 6 |  6.1
Throwing       | |  1.7

Action                   |  1- 3 |  4- 6 |  7- 9 || total
-------------------------+-------+-------+-------++-------
Melee: War axe           |   100 |   109 |    19 ||   228
       Tailslap          |    15 |    18 |     3 ||    36
Throw: Throwing net      |       |     1 |       ||     1
  Use: Scroll            |       |    12 |       ||    12
       Potion            |       |     6 |       ||     6
 Stab: Sleeping          |       |     1 |       ||     1
  Eat: Chunk             |     1 |     4 |       ||     5
       Royal jelly       |       |     1 |       ||     1
Armor: Skin              |    24 |    23 |     4 ||    51
Dodge: Dodged            |    75 |    75 |    12 ||   162
